 Dungeon Crawl Stone Soup version 0.31.0-32-g396128a36d (webtiles) character file.

Game seed: 8444712406380879176

1173 tizbic2 the Unhurried (level 8, 0/48 HPs)
             Began as a Gargoyle Shapeshifter on Mar 25, 2024.
             Was a Believer of Cheibriados.
             Slain by a two-headed ogre
             ... wielding a +0 giant club
              (14 damage)
             ... on level 6 of the Dungeon.
             The game lasted 00:14:34 (3695 turns).

tizbic2 the Unhurried (Gargoyle Shapeshifter)       Turns: 3695, Time: 00:14:34

Health: 0/48       AC: 15    Str: 25    XL:     8   Next: 41%
Magic:  11/11      EV:  7    Int: 16    God:    Cheibriados [**....]
Gold:   246        SH:  0    Dex: 14    Spells: 7/7 levels left

rFire   . . .        E - +3 battleaxe
rCold   + . .        (shield currently unavailable)
rNeg    + . .        h - +0 plate armour
rPois   ∞            q - melded +2 hat
rElec   +            (cloak currently unavailable)
rCorr   +            p - melded +0 pair of gloves
SInv    .            u - melded +0 pair of boots
Will    .....        y - amulet of the acrobat Stlth
                     m - ring of resist corrosion
HPRegen 0.28/turn    A - ring of protection from cold
MPRegen 0.12/turn

%: acrobat
@: beast-form, very slow
A: beast (slay +2), sickness immunity, AC +5, negative energy resistance 1,
electricity resistance, torment resistance 1, petrification resistance
a: Begin Untransformation, Renounce Religion, Bend Time


You were on level 6 of the Dungeon.
You worshipped Cheibriados.
Cheibriados was pleased with you.
You were a hulking beast.
You visited 1 branch of the dungeon, and saw 6 of its levels.

You collected 246 gold pieces.

Inventory:

Hand Weapons
 g - a +0 flail of holy wrath
 k - a +2 dagger of venom
 v - a +4 dagger
 E - a +3 battleaxe (weapon)
 I - a +2 vampiric trident
Missiles
 e - 51 stones
 f - 5 darts of dispersal
 l - 3 boomerangs (quivered)
 w - 3 poisoned darts
Armour
 h - a +0 plate armour (worn)
 n - a +0 cloak
 p - a +0 pair of gloves (melded)
 q - a +2 hat (melded)
 u - a +0 pair of boots (melded)
Magical Staves
 a - a staff of cold
Jewellery
 m - a ring of resist corrosion (left hand)
 s - a ring of magical power
 y - an amulet of the acrobat (around neck)
 A - a ring of protection from cold (right hand)
 H - a ring of wizardry
Talismans
 c - a beast talisman (active)
 d - a flux talisman
Wands
 F - a wand of polymorph (1)
 K - a wand of charming (5)
Scrolls
 t - a scroll of silence {unknown}
 x - a scroll of identify
 B - a scroll of vulnerability {unknown}
 D - a scroll of fear
 G - a scroll of amnesia
 J - a scroll of butterflies {unknown}
Potions
 b - a potion of lignification
 i - 4 potions of attraction {unknown}
 j - 3 potions of enlightenment
 o - a potion of berserk rage {unknown}
 r - a potion of degeneration {unknown}
 z - a potion of might {unknown}
 C - 2 potions of mutation {unknown}
 L - a potion of curing {unknown}


   Skills:
 + Level 4.6 Fighting
 * Level 3.5 Axes
 - Level 1.5 Dodging
 - Level 4.3 Unarmed Combat
 * Level 4.8 Invocations
 + Level 4.6 Shapeshifting


You had 7 spell levels left.
You didn't know any spells.
Your spell library contained the following spells:

 Spells                   Type           Power      Damage    Failure   Level
 Mercury Vapours          Alch/Air       0%         N/A       100%        2
 Call Canine Familiar     Summ           0%         N/A       100%        3
 Inner Flame              Hex/Fire       0%         N/A       100%        3
 Mephitic Cloud           Conj/Alch/Air  0%         N/A       100%        3
 Sigil of Binding         Hex            0%         N/A       100%        3
 Dimensional Bullseye     Hex/Tloc       0%         N/A       100%        4
 Freezing Cloud           Conj/Ice/Air   0%         6-21      100%        5
 Irradiate                Conj/Alch      0%         3d11      100%        5
 Ignition                 Fire           0%         3d3       100%        8


Dungeon Overview and Level Annotations

Branches:
Dungeon (6/15)             Temple (0/1) D:5

Altars:
Cheibriados
Uskayaw

Annotations:
D:5 3 runed translucent doors, seawaffle's ghost, amateur MiBe


Innate Abilities, Weirdness & Mutations

You are a hulking beast.
Your limbs bulge with bestial killing power. (Slay +2)
You are immune to sickness and miasma.
Your stone body is resilient. (AC +5)
You are immune to poison.
You resist negative energy. (rN+)
You are resistant to electric shocks. (rElec)
You are resistant to unholy torment.
You are immune to petrification.


Message History

Found 6 gold pieces.
Found a stone staircase leading down.
A bullfrog comes into view.
The bullfrog croaks.
You hit the bullfrog.
The bullfrog is lightly wounded.
The bullfrog hits you. x2
You slice the bullfrog!!
You kill the bullfrog!
Cheibriados appreciates the change of pace.
A two-headed ogre comes into view.
It is wielding a +0 giant club and a +0 giant spiked club.
The two-headed ogre shouts in stereo!
You see here a bullfrog corpse.
Throw: 3 boomerangs
Press: ? - help, Q - select action, (/) - cycle Shift-Dir - straight line, f - two-headed ogre
Aim: a two-headed ogre, wielding a +0 giant club and a +0 giant spiked club (76% to hit)
You throw a boomerang. The boomerang hits the two-headed ogre!
The two-headed ogre is lightly wounded.
Throw: 3 boomerangs
Press: ? - help, Q - select action, (/) - cycle Shift-Dir - straight line, f/p - two-headed ogre
Aim: a two-headed ogre, wielding a +0 giant club and a +0 giant spiked club (lightly wounded, 75% to hit)
You throw a boomerang.
The boomerang hits the two-headed ogre but does no damage.
The two-headed ogre is lightly wounded.
You hit the two-headed ogre.
The two-headed ogre is lightly wounded.
The two-headed ogre hits you but does no damage. x2
You hit the two-headed ogre.
The two-headed ogre is lightly wounded.
The two-headed ogre hits you with a +0 giant club!!
The two-headed ogre hits you but does no damage.
You slash the two-headed ogre!
The two-headed ogre is moderately wounded.
The two-headed ogre hits you with a +0 giant club.
The two-headed ogre hits you with a +0 giant spiked club!
* * * LOW HITPOINT WARNING * * *
You barely miss the two-headed ogre.
The two-headed ogre is moderately wounded.
The two-headed ogre hits you with a +0 giant club!
You die...

...#. +....#####.####.
......##....##.........
......................
......##.......##...#
......#......#......#
....................###.
.....>.....###..........
......#†#### ###.#..###
###+# #h# #.# .# #O# #.#
#.# #.# ..# #.# ..# #.#
.... #<# .#.. ### #.#..


You could see a two-headed ogre.

Vanquished Creatures
  Sigmund (D:4)
  Edmund (D:4)
  A water moccasin (D:5)
  A bullfrog (D:6)
  A scorpion (D:5)
  2 bombardier beetles (D:5)
  An orc priest (D:5)
  A jelly (D:5)
  An iguana (D:5)
  4 orc wizards
  A scorpion zombie (D:2)
  Robin (D:4)
  11 adders
  11 gnolls
  A white imp (D:5)
  2 ufetubi (D:5)
  An adder zombie (D:2)
  4 dart slugs
  2 ribbon worms
  17 orcs
  2 bats (D:1)
  3 endoplasms
  2 giant cockroaches
  16 goblins
  9 hobgoblins
  3 jackals (D:2)
  9 kobolds
  3 quokkas
  8 ball pythons
  2 ball python skeletons (D:2)
  A ball python zombie (D:2)
  6 frilled lizards
  A jackal skeleton (D:2)
  A quokka skeleton (D:2)
  6 rats
137 creatures vanquished.

Notes
Turn   | Place    | Note
-------+----------+-------------------------------------------
     0 | D:1      | tizbic2 the Gargoyle Shapeshifter began the quest for the
                  | Orb.
     0 | D:1      | Reached XP level 1. HP: 12/12 MP: 1/1
    77 | D:1      | Reached XP level 2. HP: 13/16 MP: 2/2
   258 | D:1      | Reached XP level 3. HP: 19/21 MP: 3/3
   715 | D:2      | Reached XP level 4. HP: 18/26 MP: 4/4
   971 | D:2      | Reached XP level 5. HP: 31/31 MP: 5/5
  1681 | D:3      | Reached XP level 6. HP: 8/37 MP: 6/6
  1911 | D:3      | Found a snail-covered altar of Cheibriados.
  1929 | D:3      | Became a worshipper of Cheibriados the Contemplative
  2432 | D:4      | Noticed Robin
  2445 | D:4      | Killed Robin
  2451 | D:4      | Reached * piety under Cheibriados
  2502 | D:4      | Reached skill level 1 in Invocations
  2517 | D:4      | HP: 1/37 [gnoll/+0 flail (6)]
  2841 | D:4      | Noticed Sigmund
  2851 | D:4      | Killed Sigmund
  2852 | D:4      | Reached skill level 1 in Axes
  2852 | D:4      | Reached XP level 7. HP: 38/42 MP: 8/8
  2870 | D:4      | Noticed Edmund
  2878 | D:4      | Killed Edmund
  3132 | D:5      | Entered Level 5 of the Dungeon
  3135 | D:5      | Found a runed translucent gate.
  3135 | D:5      | Found a runed translucent gate.
  3135 | D:5      | Found a runed translucent gate.
  3151 | D:5      | Reached ** piety under Cheibriados
  3229 | D:5      | Reached XP level 8. HP: 33/48 MP: 10/10
  3513 | D:5      | Found a staircase to the Ecumenical Temple.
  3518 | D:5      | Noticed a +0 short sword
  3519 | D:5      | Noticed a +0 falchion
  3519 | D:5      | Noticed a +0 spear
  3520 | D:5      | Noticed a +0 dagger
  3522 | D:5      | Noticed a +0 spear
  3522 | D:5      | Noticed a +0 falchion
  3522 | D:5      | Noticed a +0 short sword
  3523 | D:5      | Noticed a +0 dagger
  3532 | D:5      | Found a hide-covered altar of Uskayaw.
  3615 | D:5      | Noticed seawaffle's ghost (amateur MiBe)
  3688 | D:6      | Noticed a two-headed ogre
  3695 | D:6      | Slain by a two-headed ogre

Illustrated notes

Levels and vault maps discovered:
D:1:      dpeg_arrival_short_road, layout_rooms, minmay_tetromino_s4
D:2:      layout_rooms, serial_undead, serial_undead_f, serial_undead_e,
          serial_undead_a, serial_undead_e, serial_undead_a, serial_undead_d,
          nicolae_half_adder
D:3:      layout_basic, cheibriados_altar_1, chequers_serial_rivers_small_3,
          hangedman_decor_push
D:4:      layout_rooms, sigmund_edmund_badplayer, uniq_robin
D:5:      layout_cave_pools, nicolae_uskayaw_en_pointe,
          minmay_temple_entry_sparse_star, gammafunk_ghost_split
D:6:      layout_basic, portal_sewer_entry_e

Skill      XL: |  1  2  3  4  5  6  7  8 |
---------------+-------------------------+-----
Shapeshifting  | 3 4 |  4.6
Fighting       | 2 3 4 |  4.6
Unarmed Combat | 4 |  4.3
Invocations    | 2 3 4 |  4.8
Axes           | 1 2 3 |  3.5
Dodging        | |  1.5

Action                     |  1- 3 |  4- 6 |  7- 9 || total
---------------------------+-------+-------+-------++-------
  Melee: Unarmed           |   109 |   172 |       ||   281
         Punch             |     2 |     2 |       ||     4
         Dagger            |       |    67 |       ||    67
         Battleaxe         |       |     8 |    72 ||    80
  Throw: Boomerang         |     6 |     9 |     2 ||    17
    Use: Scroll            |     1 |     6 |     4 ||    11
   Stab: Sleeping          |     1 |       |       ||     1
 Armour: Animal skin       |     8 |       |       ||     8
         Scale mail        |    15 |       |       ||    15
         Plate armour      |    67 |   248 |   109 ||   424
  Dodge: Dodged            |    39 |    75 |    58 ||   172
   Form: Beast             |     1 |     2 |       ||     3
         Flux              |     1 |       |       ||     1
                           |       |     2 |       ||     2
